 Dungeon Crawl Stone Soup version 0.27.1 (webtiles) character file.

Game seed: 17343429181371572621

1570 ABBCCCDDDD the Conjurer (level 8, -1/54 HPs)
             Began as an Octopode Chaos Knight on Sept 1, 2021.
             Was a Plaything of Xom.
             Slain by an ogre (30 damage)
             ... on level 7 of the Dungeon.
             The game lasted 00:10:53 (4934 turns).

ABBCCCDDDD the Conjurer (Octopode Chaos Knight)     Turns: 4934, Time: 00:10:54

Health: -1/54      AC:  2    Str: 11    XL:     8   Next: 90%
Magic:  8/11       EV: 13    Int: 17    God:    Xom [......]
Gold:   255        SH:  0    Dex: 17    Spells: 1/11 levels left

rFire    . . .     SeeInvis .   e - +2 whip (elec)
rCold    . . .     Faith    .   (no shield)
rNeg     . . .     Spirit   .   (helmet restricted)
rPois    .         Reflect  .   i - amulet of regeneration
rElec    .         Harm     .   y - +6 ring of dexterity
rCorr    .         Rampage  .   (no ring)
Will     .....                  (no ring)
Stlth    +++.......             (no ring)
HPRegen  1.18/turn              (no ring)
MPRegen  0.12/turn              (no ring)
                                (no ring)
                                (no ring)

@: freezing walls
A: almost no armour, amphibious, 8 rings, camouflage 1, gelatinous body 1,
(nimble swimmer 1), tentacles, shaggy fur 1, wild magic 1
a: Renounce Religion


You were on level 7 of the Dungeon.
You worshipped Xom.
You were a very special plaything of Xom.
You visited 1 branch of the dungeon, and saw 7 of its levels.

You collected 255 gold pieces.

Inventory:

Hand Weapons
 c - a +0 spear
 e - a +2 whip of electrocution (weapon)
 r - a +2 trident of freezing
Missiles
 d - 257 stones
 p - a throwing net
 x - 27 poisoned darts (quivered)
Armour
 s - a +2 kite shield of cold resistance
Jewellery
 i - an amulet of regeneration (around mantle)
 y - a +6 ring of dexterity (left tentacle)
 A - an amulet of guardian spirit
Wands
 j - a wand of mindburst (1)
 n - a wand of iceblast (14)
Scrolls
 a - a scroll of holy word {unknown}
 f - 2 scrolls of identify {unknown}
 k - 2 scrolls of fear {unknown}
 l - a scroll of summoning {unknown}
 m - 2 scrolls of teleportation {unknown}
 q - a scroll of immolation {unknown}
 t - a scroll of amnesia {unknown}
 v - 3 scrolls of fog {unknown}
 w - 2 scrolls of noise {unknown}
Potions
 b - a potion of ambrosia {unknown}
 g - a potion of mutation
 h - 4 potions of resistance {unknown}
 o - a potion of haste {unknown}
 u - a potion of brilliance {unknown}
 z - a potion of attraction {unknown}
 B - a potion of curing {unknown}


   Skills:
 - Level 4.0 Fighting
 - Level 2.5 Maces & Flails
 - Level 2.3 Dodging
 - Level 3.0 Unarmed Combat
 + Level 2.3 Spellcasting
 - Level 5.4 Conjurations
 + Level 3.6 Ice Magic
 - Level 5.4 Air Magic
 - Level 4.0 Evocations


You had one spell level left.
You knew the following spells:

 Your Spells              Type           Power      Damage    Failure   Level
a - Static Discharge      Conj/Air       26%        N/A       5%          2
b - Lightning Bolt        Conj/Air       13%        1d26      58%         5
c - Frozen Ramparts       Ice            36%        1d5       17%         3

Your spell library contained the following spells:

 Spells                   Type           Power      Damage    Failure   Level
 Magic Dart               Conj           100%       1d8       3%          1
 Freeze                   Ice            72%        1d9       7%          1
 Corona                   Hex            2%         N/A       26%         1
 Mephitic Cloud           Conj/Pois/Air  18%        N/A       19%         3
 Ensorcelled Hibernation  Hex/Ice        20%        N/A       21%         2
 Call Imp                 Summ           2%         N/A       36%         2
 Hailstorm                Conj/Ice       22%        3d7       36%         4
 Tukima's Dance           Hex            2%         N/A       58%         3
 Maxwell's Capacitive Co  Air            13%        ∞         100%        8


Dungeon Overview and Level Annotations

Branches:
Dungeon (7/15)
 Temple: D:4-7

Altars:
Ashenzari
Hepliaklqana
Qazlal
Xom

Shops:
D:6 [

Annotations:
D:4 2 transporters, windycow's ghost, novice MiFi


Innate Abilities, Weirdness & Mutations

You cannot wear most types of armour.
You are amphibious.
You can wear up to eight rings at the same time.
Your skin changes colour to match your surroundings (Stealth+).
Your rubbery body absorbs attacks. (AC +1, EV +1)
((You are camouflaged near water. (Stealth+)))
You have tentacles for arms and can constrict up to eight enemies at once.
You are covered in fur. (AC +1)
Your spells are a little harder to cast, but a little more powerful.


Message History

Found a scroll labelled LONY KEEKACWU.
Found a broad axe.
Found a stone staircase leading down.
Found 10 gold pieces.
f - 2 scrolls labelled LONY KEEKACWU (gained 1)
An ogre comes into view. It is wielding a +0 giant club.
The ogre shouts!
Throw: 29 darts (poison)
Press: ? - help, Q - select action, (/) - cycle Shift-Dir - straight line, f - ogre
Aim: an ogre, wielding a +0 giant club (74% to hit)
You throw a poisoned dart.
The poisoned dart closely misses the ogre.
Throw: 28 darts (poison)
Press: ? - help, Q - select action, (/) - cycle Shift-Dir - straight line, f/p - ogre
Aim: an ogre, wielding a +0 giant club (74% to hit)
You throw a poisoned dart. The poisoned dart hits the ogre.
Xom's power touches on your mind for a moment.
You are confused.
You're too confused to move!
You're too confused to move!
It was a potion of mutation.
You feel extremely strange.
You feel agile. x2; You feel clever.
You feel stupid. Fur sprouts all over your body.
You feel less in control of your magic.
Xom thinks this is hilarious!
You feel less confused. The ogre misses you.
Casting: Frozen Ramparts (dangerous; 17% risk of failure)
Confirm with . or Enter, or press ? or * to list all spells.
Casting: Frozen Ramparts (dangerous; 17% risk of failure)
Press: ? - help, Dir - look around, f - activate The walls around you are covered in ice.
You hit the ogre but do no damage.
The wall freezes the ogre.
The ogre hits you with a +0 giant club!!
You hit the ogre.
The ogre is lightly wounded.
The wall freezes the ogre.
The ogre hits you with a +0 giant club!!
Ouch! That really hurt!
You die...
Xom chortles!

...#<# ########.#.#
..........# ##
#.#..##...##...
#.#..##.........
#....#....##..## #
#..........)....
#.#.##....#........##
#>....@.........##.#
#...##O...##.##.# #
#..........#.# .#
##...............
...........#### ##
##........##
#(####...# (.. #...#
## .$...


You could see an ogre.

Levels and vault maps discovered:
D:1:      lightli_arrival_farm, layout_basic
D:2:      layout_basic, dreamdust_ecumenical_altar_angels_and_demons
D:3:      layout_loops_cross
D:4:      layout_loops_ring, nzn_hepliaklqana_mist_gate,
          gammafunk_ghost_gnarly_gnolls, moated_statue
D:5:      layout_basic, lemuel_tele_altar, kennysheep_generic_room_3
D:6:      layout_basic, mainiacjoe_overflow_divided_tiny, serial_shops, shop
D:7:      layout_loops_ring, tgw_kikubaaqudgha, nicolae_overflow_hidden_temple,
          minmay_temple_entry_water_ring

Notes
Turn   | Place    | Note
-------+----------+-------------------------------------------
     0 | D:1      | ABBCCCDDDD the Octopode Chaos Knight began the quest for
                  | the Orb.
     0 | D:1      | Reached XP level 1. HP: 16/16 MP: 1/1
   329 | D:1      | XOM: silly message
   357 | D:1      | Reached XP level 2. HP: 21/21 MP: 2/2
   463 | D:1      | XOM: divination: detect items
   552 | D:1      | XOM: silly message
   599 | D:1      | Reached XP level 3. HP: 16/27 MP: 3/3
   728 | D:1      | Learned a level 2 spell: Static Discharge
   999 | D:2      | XOM: noise
  1058 | D:1      | XOM: silly message
  1089 | D:1      | XOM: silly message
  1214 | D:2      | XOM is BORED!
  1214 | D:2      | XOM: silly message
  1631 | D:2      | Reached skill level 1 in Maces & Flails
  1767 | D:2      | Found a faded altar of an unknown god.
  1856 | D:2      | Reached XP level 4. HP: 27/33 MP: 4/4
  1903 | D:3      | Reached skill level 1 in Conjurations
  1903 | D:3      | Reached skill level 1 in Air Magic
  1910 | D:3      | Reached skill level 1 in Spellcasting
  1984 | D:3      | Reached XP level 5. HP: 13/37 MP: 5/7
  2034 | D:3      | XOM: 2-stop teleportation journey
  2290 | D:3      | XOM: noise
  2326 | D:3      | XOM is BORED!
  2326 | D:3      | XOM: noise
  2404 | D:3      | XOM: chaos upgrade
  2439 | D:3      | Reached XP level 6. HP: 33/43 MP: 8/8
  2719 | D:4      | XOM: silly message
  2748 | D:4      | Learned a level 5 spell: Lightning Bolt
  2796 | D:4      | XOM: silly message
  2825 | D:4      | Noticed windycow's ghost (novice MiFi)
  2848 | D:4      | Found a transporter.
  2857 | D:4      | Found a transporter.
  2972 | D:4      | Reached XP level 7. HP: 35/48 MP: 10/10
  3011 | D:4      | XOM: give mutations
  3011 | D:4      | Gained mutation: Your body sometimes deteriorates upon
                  | taking damage. [Xom's mischief]
  3011 | D:4      | Lost mutation: Your body sometimes deteriorates upon taking
                  | damage. [Xom's mischief]
  3011 | D:4      | Gained mutation: You are clumsy. (Dex -2) [Xom's mischief]
  3171 | D:4      | Reached skill level 1 in Evocations
  3283 | D:4      | XOM is BORED!
  3283 | D:4      | XOM: give mutations
  3283 | D:4      | Gained mutation: Your body sometimes deteriorates upon
                  | taking damage. [Xom's mischief]
  3283 | D:4      | Lost mutation: Your body sometimes deteriorates upon taking
                  | damage. [Xom's mischief]
  3283 | D:4      | Gained mutation: You are very clumsy. (Dex -4) [Xom's
                  | mischief]
  3403 | D:4      | Found a hazy altar of Hepliaklqana.
  3427 | D:5      | Entered Level 5 of the Dungeon
  3470 | D:5      | XOM: confusion (+ monsters)
  3475 | D:5      | XOM: confuse monster(s)
  3573 | D:5      | Learned a level 3 spell: Frozen Ramparts
  3603 | D:4      | XOM: summons 4 hostile demons
  3721 | D:5      | Reached skill level 1 in Ice Magic
  3767 | D:5      | XOM: divination: detect items
  3784 | D:5      | XOM: potion effect (brilliance)
  3790 | D:5      | Reached XP level 8. HP: 21/54 MP: 11/11
  3938 | D:5      | XOM: potion effect (invisibility)
  3942 | D:5      | XOM: potion effect (curing)
  3952 | D:5      | XOM: potion effect (berserk rage)
  3958 | D:5      | XOM: potion effect (brilliance)
  3978 | D:5      | Reached skill level 5 in Conjurations
  3978 | D:5      | Reached skill level 5 in Air Magic
  4169 | D:5      | Found a shimmering altar of Xom.
  4339 | D:6      | Found Imoducvy's Antique Armour Shoppe.
  4659 | D:6      | Found a stormy altar of Qazlal.
  4660 | D:6      | Found a broken altar of Ashenzari.
  4925 | D:7      | XOM: confusion
  4931 | D:7      | Lost mutation: You are very clumsy. (Dex -4) [potion of
                  | mutation]
  4931 | D:7      | Lost mutation: You are clumsy. (Dex -2) [potion of
                  | mutation]
  4931 | D:7      | Gained mutation: Your mind is acute. (Int +2) [potion of
                  | mutation]
  4931 | D:7      | Lost mutation: Your mind is acute. (Int +2) [potion of
                  | mutation]
  4931 | D:7      | Gained mutation: You are covered in fur. (AC +1) [potion of
                  | mutation]
  4931 | D:7      | Gained mutation: Your spells are a little harder to cast,
                  | but a little more powerful. [potion of mutation]
  4934 | D:7      | Slain by an ogre

Table legend: (Time is in decaauts)
 A = Elapsed time spent in this place.
 B = Non-inter-level travel time spent in this place.
 C = Inter-level travel time spent in this place.
 D = Time resting spent in this place.
 E = Time spent auto-exploring this place.
 F = Levels seen in this place.
 G = Mean time per level.
                   A        B        C        D        E       F      G
               +--------+--------+--------+--------+--------+-----+--------+
         Total |   4945 |   4700 |    245 |    817 |   2807 |   7 |  706.4 |
       Dungeon |   4945 |   4700 |    245 |    817 |   2807 |   7 |  706.4 |
               +--------+--------+--------+--------+--------+-----+--------+

Top non-repeatable levels by time:
     D:1: 1174 daAuts
     D:4: 927 daAuts
     D:5: 755 daAuts
     D:2: 727 daAuts
     D:3: 726 daAuts
     D:6: 606 daAuts
     D:7: 27 daAuts

Table legend:
 A = Kills in this place as a percentage of kills in entire the game.
 B = Kills by you in this place as a percentage of kills by you in the entire game.
 C = Kills by friends in this place as a percentage of kills by friends in the entire game.
 D = Other kills in this place as a percentage of other kills in the entire game.
 E = Experience gained in this place as a percentage of experience gained in the entire game.
 F = Experience gained in this place divided by the number of levels of this place that you have seen.
                   A       B       C       D       E      F
               +-------+-------+-------+-------+-------+----------------------
         Total | 100.0 | 100.0 |   N/A | 100.0 | 100.0 | 320.6
       Dungeon | 100.0 | 100.0 |   N/A | 100.0 | 100.0 | 320.6
               +-------+-------+-------+-------+-------+----------------------

Action                   |  1- 3 |  4- 6 |  7- 9 || total
-------------------------+-------+-------+-------++-------
Melee: Unarmed           |    29 |       |       ||    29
       Constrict         |    16 |    24 |    22 ||    62
       Tentacles         |     9 |    21 |    15 ||    45
       Whip              |    37 |   106 |   101 ||   244
       Punch             |     2 |     2 |     2 ||     6
Throw: Stone             |       |     3 |     5 ||     8
       Dart              |       |       |     6 ||     6
 Cast: Static Discharge  |       |     1 |       ||     1
       Frozen Ramparts   |       |       |     3 ||     3
Evoke: Wand              |       |     2 |     7 ||     9
  Use: Potion            |       |       |     1 ||     1
 Stab: Sleeping          |     4 |     8 |       ||    12
       Invisible         |       |       |     4 ||     4
Armor: Skin              |     4 |     6 |     2 ||    12
Dodge: Dodged            |    43 |    39 |    91 ||   173

Vanquished Creatures
  A centaur (D:5)
  7 ogres
  A gnoll sergeant (D:5)
  2 scorpions
  A water moccasin skeleton (D:4)
  2 hounds
  A gnoll shaman (D:5)
  An orc priest (D:3)
  3 iguanas
  2 orc wizards (D:5)
  3 hound skeletons (D:4)
  10 adders
  23 gnolls
  An adder skeleton (D:4)
  2 worms (D:3)
  4 dart slugs
  6 orcs
  6 ball pythons
  2 bats (D:1)
  4 endoplasms
  3 giant cockroaches
  4 goblins
  6 hobgoblins
  3 jackals (D:2)
  7 kobolds
  4 quokkas
  4 frilled lizards
  7 rats
120 creatures vanquished.

Vanquished Creatures (others)
  6 plants (D:4)
6 creatures vanquished.

Grand Total: 126 creatures vanquished
